 Dungeon Crawl Stone Soup version 0.26.1-11-gd32895ea62 (webtiles) character file.

Game seed: 7378128441776605015

3420 tizbic2 the Ogre Mage (level 10, -10/100 HPs)
             Began as an Ogre Venom Mage on June 26, 2021.
             Was a Priest of Vehumet.
             Shot with a sling bullet by Joseph (15 damage)
             ... on level 8 of the Dungeon.
             The game lasted 01:28:14 (11104 turns).

tizbic2 the Ogre Mage (Ogre Venom Mage)            Turns: 11104, Time: 01:28:14

Health: -10/100    AC:  8    Str: 14    XL:     10   Next: 5%
Magic:  11/21      EV: 11    Int: 16    God:    Vehumet [***...]
Gold:   93         SH:  0    Dex: 12    Spells: 13/23 levels left

rFire    . . .     SeeInvis .   j - +2 quarterstaff (chaos)
rCold    . . .     Faith    .   (shield currently unavailable)
rNeg     . . .     Spirit   .   d - +0 robe
rPois    .         Reflect  .   h - +0 hat
rElec    +         Harm     .   k - +2 cloak
rCorr    .         Rampage  .   (gloves unavailable)
Will     +....                  (boots unavailable)
Stlth    ++........             (no amulet)
HPRegen  0.26/turn              (no ring)
MPRegen  0.17/turn              (no ring)

@: studying Stealth
A: large, unfitting armour, thin metallic scales 1, electricity resistance,
tough skin 1
a: Renounce Religion


You were on level 8 of the Dungeon.
You worshipped Vehumet.
Vehumet was most pleased with you.
You visited 1 branch of the dungeon, and saw 8 of its levels.

You collected 396 gold pieces.
You spent 303 gold pieces at shops.

Inventory:

Hand Weapons
 j - a +2 quarterstaff of chaos (weapon)
 p - a +0 morningstar
 q - a +0 giant spiked club
 r - a +0 giant club
Missiles
 f - 7 poisoned darts
Armour
 d - a +0 robe (worn)
 h - a +0 hat (worn)
 k - a +2 cloak (worn)
Wands
 c - a wand of polymorph (21) (quivered)
 l - a wand of random effects (26)
Scrolls
 a - a scroll of random uselessness {unknown}
 b - 5 scrolls of identify
 e - 2 scrolls of amnesia
 g - 3 scrolls of remove curse
 n - a scroll of magic mapping
 t - a scroll of fog
 w - a scroll of blinking
Potions
 i - 2 potions of brilliance
 o - a potion of flight
Books
 u - a manual of Stealth


   Skills:
 * Level 6.6 Fighting
 * Level 5.3(6.0) Maces & Flails
 + Level 4.5(5.9) Staves
 + Level 4.2 Dodging
 - Level 1.4 Stealth
 - Level 0.1 Unarmed Combat
 + Level 7.4 Spellcasting
 - Level 1.6 Conjurations
 - Level 3.1 Transmutations
 + Level 0.6 Fire Magic
 - Level 1.3 Air Magic
 + Level 5.3 Poison Magic


You had 13 spell levels left.
You knew the following spells:

 Your Spells              Type           Power        Failure   Level
a - Sting                 Tmut/Pois      76%          1%          1
b - Olgreb's Toxic Radia  Pois           23%          3%          4
c - Shock                 Conj/Air       40%          1%          1
d - Foxfire               Conj/Fire      36%          2%          1
e - Ignite Poison         Fire/Tmut/Pois 15%          3%          3

Your spell library contained the following spells:

 Spells                   Type           Power        Failure   Level
 Static Discharge         Conj/Air       10%          5%          3
 Mephitic Cloud           Conj/Pois/Air  14%          3%          3
 Poisonous Vapours        Pois/Air       32%          4%          2


Dungeon Overview and Level Annotations

Branches:
Dungeon (8/15)             Temple (0/1) D:5
   Lair: D:8-11

Altars:
Elyvilon
Fedhas
Gozag
Ru
Trog
Vehumet
Yredelemnul
Zin
The Shining One

Shops:
D:4 *   D:7 *

Annotations:
D:5 1 runed translucent door
D:8 Joseph


Innate Abilities, Weirdness & Mutations

You are too large for most types of armour.
You have tough skin. (AC +1)
You are partially covered in thin metallic scales. (AC +2)
You are resistant to electric shocks. (rElec)


Message History

Confirm with . or Enter, or press ? or * to list all spells.
You begin to radiate toxic energy.
Joseph looks even sicker.
The spectral weapon hits you!
Joseph hits you with a +2 spectral quarterstaff!
* * * LOW HITPOINT WARNING * * *
Joseph looks even sicker.
Your toxic aura wanes.
The spectral weapon barely misses you.
Joseph unwields a +2 spectral quarterstaff.
The spectral weapon fades away.
Joseph wields a +0 hunting sling.
Joseph shoots a sling bullet.
The sling bullet hits you!
* * * LOW HITPOINT WARNING * * *
You see here a sling bullet.
Joseph shoots a sling bullet.
The sling bullet hits you!
* * * LOW HITPOINT WARNING * * *
Joseph shoots a sling bullet.
The sling bullet barely misses you.
Joseph shoots a sling bullet.
The sling bullet barely misses you.
Joseph shoots a sling bullet.
The sling bullet hits you!
You die...

.....#..##.........#.##.##...#
........###.........######...###
...#.######.####......#..........
........##...##......(........#.#
........#.....#..................
#.................(..............
.......#.........(......(........
.......#.........................
................@....(..(........
......†................@.........
.†.......##..............[.......
.........##......................
........####.....................
........# ###...(.........[<)..##
.........##.#(......(......[.....
#............(..........÷.......#
#......##.#.#......[.......>....#


You could see Joseph (very poisoned).

Vanquished Creatures
  Grinder (D:6)
  A water moccasin (D:7)
  5 orc warriors
  A sky beast (D:5)
  3 phantoms
  A black bear (D:8)
  2 ogres
  2 centaurs
  A bullfrog (D:6)
  A scorpion (D:5)
  A killer bee (D:5)
  10 wights
  A howler monkey (D:4)
  2 bullfrog zombies (D:6)
  3 jellies
  3 hounds
  8 orc priests
  6 orc wizards
  A bullfrog skeleton (D:8)
  A centaur zombie (D:7)
  Crazy Yiuf (D:5)
  3 iguanas
  3 worker ants
  A hell rat (D:8)
  A hound skeleton (D:4)
  12 adders
  7 gnolls
  A river rat (D:8)
  A shadow imp (D:7)
  A white imp (D:4)
  An ufetubus (D:6)
  2 oozes
  An adder zombie (D:8)
  2 dart slugs
  40 orcs
  A ball python (D:2)
  3 giant cockroaches (D:1)
  A goblin (D:2)
  8 hobgoblins
  2 jackals (D:6)
  2 quokkas (D:8)
  13 bats
  4 frilled lizards
  7 kobolds
  A leopard gecko skeleton (D:4)
  9 rats
  2 rat zombies (D:4)
184 creatures vanquished.

Vanquished Creatures (others)
  An orc wizard (D:4)
  40 foxfires
  4 fungi (D:5)
45 creatures vanquished.

Grand Total: 229 creatures vanquished

Notes
Turn   | Place    | Note
-------+----------+-------------------------------------------
     0 | D:1      | tizbic2 the Ogre Venom Mage began the quest for the Orb.
     0 | D:1      | Reached XP level 1. HP: 16/16 MP: 3/3
   567 | D:1      | Reached XP level 2. HP: 24/24 MP: 3/5
   593 | D:1      | Reached skill level 1 in Fighting
   784 | D:1      | Reached skill level 1 in Transmutations
  1004 | D:2      | Reached XP level 3. HP: 11/33 MP: 0/7
  1367 | D:2      | Reached XP level 4. HP: 29/42 MP: 4/8
  1422 | D:2      | Learned a level 4 spell: Olgreb's Toxic Radiance
  1552 | D:3      | Reached skill level 3 in Spellcasting
  1636 | D:3      | Found a basalt altar of Yredelemnul.
  1680 | D:3      | Found a radiant altar of Vehumet.
  1689 | D:3      | Became a worshipper of Vehumet
  1700 | D:3      | Gained mutation: You are resistant to electric shocks.
                  | (rElec) [potion of mutation]
  1700 | D:3      | Gained mutation: You are partially covered in thin metallic
                  | scales. (AC +2) [potion of mutation]
  1706 | D:3      | Reached skill level 1 in Maces & Flails
  2781 | D:4      | Reached XP level 5. HP: 37/49 MP: 4/10
  2783 | D:4      | Found a bloodstained altar of Trog.
  2783 | D:4      | Noticed a phantom
  3201 | D:4      | Found a sacrificial altar of Ru.
  3402 | D:4      | Reached XP level 6. HP: 39/58 MP: 7/11
  3622 | D:4      | Found Yllubb's General Store.
  3632 | D:4      | Bought a potion of curing for 42 gold pieces
  3632 | D:4      | Bought a +0 robe for 9 gold pieces
  3632 | D:4      | Bought a potion of curing for 42 gold pieces
  3687 | D:5      | Entered Level 5 of the Dungeon
  3704 | D:4      | HP: 2/59 [white imp/puff of frost (5)]
  3725 | D:4      | Found an opulent altar of Gozag.
  4050 | D:4      | Reached skill level 4 in Spellcasting
  4212 | D:4      | Found a glowing golden altar of the Shining One.
  4406 | D:4      | Reached * piety under Vehumet
  4406 | D:4      | Offered knowledge of Shock by Vehumet.
  4410 | D:4      | Learned a level 1 spell: Shock
  4537 | D:4      | Killed a phantom
  4538 | D:4      | Reached XP level 7. HP: 27/66 MP: 1/13
  5638 | D:5      | Reached skill level 1 in Conjurations
  5647 | D:5      | Found a staircase to the Ecumenical Temple.
  5691 | D:5      | Reached skill level 1 in Air Magic
  6103 | D:5      | Reached XP level 8. HP: 25/75 MP: 12/15
  6255 | D:6      | Reached skill level 5 in Spellcasting
  7020 | D:5      | Found a runed translucent door.
  7021 | D:5      | Noticed Crazy Yiuf
  7035 | D:5      | Killed Crazy Yiuf
  7207 | D:5      | Found a glowing silver altar of Zin.
  7207 | D:5      | Found a runed translucent door.
  7207 | D:5      | Noticed an angel
  7358 | D:5      | Reached skill level 1 in Staves
  7985 | D:6      | Found a white marble altar of Elyvilon.
  8046 | D:6      | Reached skill level 6 in Spellcasting
  8106 | D:6      | Reached XP level 9. HP: 8/85 MP: 9/18
  8649 | D:6      | Reached ** piety under Vehumet
  8689 | D:6      | Offered knowledge of Foxfire by Vehumet.
  8763 | D:6      | Learned a level 1 spell: Foxfire
  8827 | D:6      | Noticed Grinder
  8841 | D:6      | Killed Grinder
  8842 | D:6      | Reached skill level 5 in Fighting
  9187 | D:6      | Noticed a cyclops
  9644 | D:7      | Found a blossoming altar of Fedhas.
  9749 | D:7      | Reached skill level 5 in Poison Magic
  9864 | D:7      | Found Dimu's Assorted Antiques.
  9871 | D:7      | Bought a scroll of enchant armour for 210 gold pieces
 10211 | D:8      | Offered knowledge of Static Discharge by Vehumet.
 10212 | D:8      | Reached skill level 7 in Spellcasting
 10508 | D:8      | Noticed a death yak
 10556 | D:7      | Reached skill level 5 in Maces & Flails
 10570 | D:7      | Learned a level 3 spell: Ignite Poison
 10690 | D:8      | Reached *** piety under Vehumet
 10719 | D:8      | Noticed Joseph
 10946 | D:8      | Reached XP level 10. HP: 81/100 MP: 16/21
 11101 | D:8      | HP: 4/100 [Joseph/sling bullet (10)]
 11104 | D:8      | Shot with a sling bullet by Joseph

Illustrated notes

Levels and vault maps discovered:
D:1:      minmay_arrival_arboretum_small, layout_loops_ring,
          minmay_misc_feat_plants
D:2:      layout_rooms
D:3:      layout_loops_corners, lemuel_doored_altar, vehumet_crystals, hex_large
D:4:      layout_loops_ring, lemuel_round_altar, kennysheep_mini_moat,
          nicolae_ru_path_of_blood, enter_ossuary_4, serial_shops,
          nicolae_shop_behind_doors, grunt_gozag_statues
D:5:      layout_rooms, minmay_temple_entry_ruins, lemuel_angel_altar,
          uniq_crazy_yiuf_cottage
D:6:      layout_layer_cave, old_standard_altar, minmay_manual_mess,
          uniq_grinder
D:7:      old_forge, layout_cave_pods, fedhas_altar_1, serial_shops,
          nicolae_shop_overgrown_old_shop, minmay_misc_feat_five,
          roderic_batcave
D:8:      layout_cave_pools, lemuel_zombie_altar_kikubaaqudgha,
          dpeg_lair_monsters, corner_web_ring, okawaru_humans, uniq_joseph

Skill      XL: |  1  2  3  4  5  6  7  8  9 |
---------------+----------------------------+-----
Fighting       | 1 2 3 4 6 |  6.6
Poison Magic   | 3 4 5 |  5.3
Transmutations | 1 2 3 |  3.1
Dodging        | 2 3 4 |  4.2
Spellcasting   | 3 4 6 7 |  7.4
Maces & Flails | 1 2 3 4 5 |  5.3
Conjurations   | 1 |  1.6
Air Magic      | 1 |  1.3
Staves         | 2 4 |  4.5
Stealth        | |  1.4
Unarmed Combat | |  0.1
Fire Magic     | |  0.6

Action                   |  1- 3 |  4- 6 |  7- 9 | 10-12 || total
-------------------------+-------+-------+-------+-------++-------
Melee: Unarmed           |     6 |       |       |       ||     6
       Club              |    42 |       |       |       ||    42
       Mace              |     6 |   150 |    83 |       ||   239
       Quarterstaff      |       |       |   147 |    21 ||   168
 Cast: Sting             |    29 |    72 |    52 |     2 ||   155
       Olgreb's Toxic Ra |       |     5 |    20 |     2 ||    27
       Shock             |       |    15 |    63 |     5 ||    83
       Foxfire           |       |       |    20 |     4 ||    24
       Ignite Poison     |       |       |     1 |     1 ||     2
Evoke: Wand              |       |       |     2 |       ||     2
  Use: Potion            |     3 |     6 |     3 |     1 ||    13
       Scroll            |     3 |     1 |     7 |       ||    11
 Stab: Sleeping          |     1 |       |     2 |     1 ||     4
       Paralysed         |       |       |     6 |       ||     6
Armor: Robe              |    23 |    74 |   104 |     7 ||   208
Dodge: Dodged            |    40 |   110 |   192 |    12 ||   354
